 Dungeon Crawl Stone Soup version 0.26-a0-710-g95a0c6c400 (webtiles) character file.

Game seed: 14712183711838512303

108 karrick the Chopper (level 4, -7/34 HPs)
             Began as a Demonspawn Gladiator on Oct 31, 2020.
             Killed from afar by Natasha (10 damage)
             ... with a magic dart
             ... on level 2 of the Dungeon.
             The game lasted 00:01:24 (1324 turns).

karrick the Chopper (Demonspawn Gladiator)          Turns: 1324, Time: 00:01:25

Health: -7/34      AC:  3    Str: 15    XL:     4   Next: 58%
Magic:  4/4        EV: 13    Int: 10    God:
Gold:   62         SH:  0    Dex: 14    Spells: 3/3 levels left

rFire    . . .     SeeInvis .   a - +0 war axe
rCold    . . .     Faith    .   (no shield)
rNeg     . . .     Spirit   .   b - +0 leather armour
rPois    .         Reflect  .   (helmet restricted)
rElec    .         Harm     .   (no cloak)
rCorr    .         Rampage  .   (no gloves)
MR       .....                  (no boots)
Stlth    +.........             (no amulet)
HPRegen  0.11/turn              (no ring)
MPRegen  0.09/turn              (no ring)

@: no status effects
A: horns 1, powered by pain 1
a: no special abilities


You were on level 2 of the Dungeon.
You visited 1 branch of the dungeon, and saw 2 of its levels.

You collected 62 gold pieces.

Inventory:

Hand Weapons
 a - a +0 war axe (weapon)
Missiles
 d - 3 throwing nets (quivered)
Armour
 b - a +0 leather armour (worn)
 c - a +0 helmet
Scrolls
 e - a scroll of amnesia {unknown}
 f - a scroll of remove curse {unknown}
 g - a scroll of fog {unknown}
 h - a scroll of enchant weapon {unknown}
 i - a scroll of enchant armour {unknown}


   Skills:
 + Level 2.6 Fighting
 + Level 3.6 Axes
 + Level 2.2 Throwing
 + Level 0.8 Armour
 + Level 3.4 Dodging


You had 3 spell levels left.
You didn't know any spells.
Your spell library was empty.

Dungeon Overview and Level Annotations

Branches:
Dungeon (2/15)

Altars:

Annotations:
D:2 Natasha


Innate Abilities, Weirdness & Mutations

You have a pair of small horns on your head.
You sometimes gain a little power by taking damage.


Message History

You are too injured to fight recklessly!
You are too injured to fight recklessly!
You are too injured to fight recklessly!
You are too injured to fight recklessly!
You are too injured to fight recklessly!
You miss Natasha.
Natasha is lightly wounded.
You closely miss the crimson imp.
The crimson imp blinks!
Natasha misses you.
You closely miss Natasha. You headbutt Natasha!
Natasha is severely wounded.
Natasha claws you.
* * * LOW HITPOINT WARNING * * *
You completely miss Natasha. Your headbutt misses Natasha.
Natasha is severely wounded.
Natasha claws you.
* * * LOW HITPOINT WARNING * * *
The crimson imp blinks!
Natasha stares at you and mumbles some strange words.
The magic dart hits you!
You die...

#.# #.....#
.....#..##
#.###.#####
# #....#
#...).#
####.#
###.###
######.##
#.#
.......(.(
#.#
#######..)
#.# #.##
##.#########
#.#
#...@..§....
#.#
#...§h..####
#.#
#...###.....
..# #####
#### ##


You could see Natasha.

Vanquished Creatures
  A bullfrog (D:2)
  A gnoll (D:1)
  An adder (D:2)
  2 worms (D:2)
  6 goblins
  2 hobgoblins (D:2)
  A quokka (D:2)
  A ball python (D:2)
  A bat (D:1)
  2 frilled lizards (D:2)
  3 kobolds (D:2)
  3 rats (D:2)
24 creatures vanquished.

Notes
Turn   | Place    | Note
-------+----------+-------------------------------------------
     0 | D:1      | karrick the Demonspawn Gladiator began the quest for the
                  | Orb.
     0 | D:1      | Reached XP level 1. HP: 16/16 MP: 1/1
    46 | D:1      | Gained mutation: You sometimes gain a little power by
                  | taking damage. [demonic ancestry]
    46 | D:1      | Reached XP level 2. HP: 22/22 MP: 2/2
   116 | D:1      | You fall into a shaft and drop 1 floor!
   117 | D:2      | Noticed a bullfrog
   123 | D:2      | HP: 1/22 [bullfrog (1)]
   124 | D:2      | Killed a bullfrog
   124 | D:2      | Reached XP level 3. HP: 1/27 MP: 3/3
   124 | D:2      | Gained mutation: You have a pair of small horns on your
                  | head. [demonic ancestry]
   124 | D:2      | Reached XP level 4. HP: 1/33 MP: 4/4
  1314 | D:2      | Noticed Natasha
  1324 | D:2      | Killed from afar by Natasha

Illustrated notes

Levels and vault maps discovered:
D:1:      lightli_arrival_isolated_outpost, layout_basic
D:2:      layout_loops_ring, uniq_natasha

Skill      XL: |  1  2 |
---------------+-------+-----
Axes           | 3 |  3.6
Throwing       | 2 |  2.2
Dodging        | 3 |  3.4
Fighting       | |  2.6
Armour         | |  0.8

Action                   |  1- 3 |  4- 6 || total
-------------------------+-------+-------++-------
Melee: War axe           |    20 |    64 ||    84
       Headbutt          |       |    10 ||    10
 Stab: Sleeping          |       |     1 ||     1
Armor: Leather armour    |     7 |    17 ||    24
Dodge: Dodged            |    21 |    40 ||    61

Table legend: (Time is in decaauts)
 A = Elapsed time spent in this place.
 B = Non-inter-level travel time spent in this place.
 C = Inter-level travel time spent in this place.
 D = Time resting spent in this place.
 E = Time spent auto-exploring this place.
 F = Levels seen in this place.
 G = Mean time per level.
                   A        B        C        D        E       F      G
               +--------+--------+--------+--------+--------+-----+--------+
         Total |   1352 |   1352 |      0 |    423 |    682 |   2 |  676.0 |
       Dungeon |   1352 |   1352 |      0 |    423 |    682 |   2 |  676.0 |
               +--------+--------+--------+--------+--------+-----+--------+

Top non-repeatable levels by time:
     D:2: 1025 daAuts
     D:1: 326 daAuts
